Map: Ley Lines

Players

kenO

  • Race: Protoss Protoss
  • League: Diamond
  • Spawn Location: 7:00

A.I. 1 (Very Easy) - Winner!

  • Race: Zerg Zerg
  • Spawn Location: 1:00

VOD

Have the link to the VOD?

Description

Time

  • Played on: Feb. 5, 2025, 8:24 a.m.
  • Length: 9:20
Show
View Real Time Build Order
Export as new Build Order

kenO Protoss 

Build Orders: 1 Gate Expand, Oracle Opening, Archon Immortal 

Get SALT Encoding   

  12  0:00  Probe  
  13  0:12  Probe  
  14  0:17  Pylon  
  14  0:24  Probe  
  15  0:32  Probe  
  15  0:37  Gateway  
  15  0:40  Probe  
  16  0:46  Assimilator  
  17  0:51  Probe  
  18  1:03  Probe  
  19  1:15  Probe  
  20  1:23  Nexus  
  20  1:33  Cybernetics Core  
  20  1:36  Probe  
  21  1:41  Assimilator  
  21  1:48  Probe  
  21  1:51  Pylon  
  22  2:00  Probe, Adept  
  23  2:08  Probe  
  26  2:16  Probe  
  26  2:17  Stargate  
  27  2:23  Adept, Warp Gate  
  27  2:27  Probe  
  28  2:36  Probe  
  31  2:39  Probe  
  32  2:48  Probe  
  32  2:51  Probe  
  34  2:52  Adept, Oracle  
  36  3:00  Probe  
  36  3:03  Probe  
  41  3:12  Probe  
  42  3:15  Probe, Gateway  
  43  3:24  Probe  
  44  3:27  Probe  
  45  3:37  Probe  
  46  3:43  Nexus  
  46  3:46  Pylon  
  46  3:50  Pylon  
  46  3:55  Oracle  
  46  4:04  Probe x2, Assimilator  
  46  4:05  Assimilator  
  51  4:10  Twilight Council  
  51  4:12  Forge  
  51  4:16  Probe x2  
  53  4:28  Probe x2  
  55  4:32  Protoss Ground Weapons Level 1  
  55  4:36  Gateway  
  55  4:38  Gateway  
  55  4:40  Probe x2  
  55  4:42  Charge  
  57  4:46  Pylon  
  57  4:48  Robotics Facility  
  57  4:51  Probe  
  57  4:52  Probe x2  
  59  4:59  Probe, Gateway  
  60  5:04  Probe  
  60  5:05  Gateway  
  62  5:07  Probe  
  62  5:09  Probe  
  64  5:15  Gateway  
  64  5:16  Probe  
  64  5:20  Probe, Gateway  
  66  5:21  Probe  
  67  5:28  Probe  
  67  5:29  Probe  
  67  5:30  Immortal, Zealot  
  67  5:31  Zealot  
  67  5:33  Probe  
  74  5:39  Probe  
  74  5:40  Probe  
  80  5:45  Probe  
  81  5:51  Probe  
  81  5:52  Probe  
  81  5:53  Assimilator  
  81  5:54  Assimilator  
  83  5:57  Templar Archives  
  83  6:01  Gateway  
  83  6:03  Gateway  
  83  6:05  Zealot  
  83  6:09  Pylon  
  85  6:12  Pylon  
  85  6:23  Pylon  
  85  6:25  Immortal  
  85  6:26  Pylon  
  85  6:27  Probe x2, Protoss Ground Weapons Level 2  
  91  6:33  High Templar x3  
  91  6:34  High Templar x2  
  91  6:38  Pylon  
  101  6:40  Pylon, Archon x2  
  101  6:44  Pylon, Zealot x3  
  107  6:50  Pylon  
  107  6:55  Immortal  
  107  6:57  Pylon, High Templar  
  107  6:58  Zealot  
  111  7:02  Archon  
  111  7:05  Zealot x3  
  121  7:09  Pylon  
  121  7:12  Pylon  
  121  7:13  High Templar x2  
  121  7:14  Zealot  
  127  7:16  Zealot  
  127  7:18  Archon  
  127  7:21  Immortal  
  129  7:29  Pylon  
  129  7:30  Zealot  
  129  7:31  Zealot x3  
  129  7:37  High Templar x2  
  143  7:38  Zealot  
  143  7:41  Pylon  
  143  7:42  Archon  
  147  7:48  Zealot x2  
  151  7:54  Warp Prism  
  151  7:59  High Templar  
  151  8:00  High Templar  
  151  8:01  Zealot x4  
  165  8:09  Pylon  
  165  8:16  Pylon, High Templar x2  
  165  8:17  Zealot x2  
  173  8:21  Archon  
  173  8:26  Zealot x3  
  173  8:27  Archon, Zealot  
  181  8:33  Zealot  
  181  8:34  Zealot  
  185  8:39  Pylon  
  185  8:49  High Templar x2  
  185  8:50  Zealot x5  
  185  8:53  Archon  
Show
View Real Time Build Order
Export as new Build Order

A.I. 1 (Very Easy) Zerg - Winner!

Build Orders: Pool First 

Get SALT Encoding   

  12  0:01  Drone  
  13  0:13  Overlord  
  13  0:16  Drone  
  14  0:35  Spawning Pool  
  14  0:37  Extractor  
  14  0:40  Drone  
  13  0:47  Drone  
  14  0:52  Overlord  
  14  1:22  Queen  
  14  1:24  Zergling x2  
  17  1:32  Roach Warren  
  16  1:36  Drone  
  17  1:40  Extractor  
  17  1:42  Zergling x2  
  17  1:44  Drone  
  18  1:57  Drone  
  20  2:01  Zergling x2  
  20  2:08  Drone  
  21  2:19  Drone  
  22  2:29  Drone, Overlord  
  23  2:36  Drone  
  24  2:43  Drone  
  25  5:47  Lair, Roach, Drone  
  25  5:48  Overlord  
  28  5:54  Drone  
  29  6:02  Drone  
  30  6:09  Drone  
  31  6:16  Drone  
  32  6:28  Roach  
  32  6:45  Overseer x2  
  31  7:09  Roach  
  33  7:15  Hatchery  
  33  7:16  Drone  
  33  8:29  Drone  
  34  8:36  Drone  
  34  8:37  Extractor  
  34  8:39  Extractor  
  33  8:42  Zergling x2  
  33  8:43  Drone  
  33  8:47  Overseer  
  29  8:50  Drone  
  30  8:58  Drone  
  30  8:59  Overlord  
  31  9:05  Drone  
Tags
 
Add a new tag
Caveats
  • Supply blocks, unpowered buildings, or Contaminate may cause inaccurate times.
  • Supply counts are checked every 10 seconds.